 Dungeon Crawl Stone Soup version 0.29-a0-356-g7bc237e783 (webtiles) character file.

Game seed: 17980060050564346972

89 sammy202020 the Skirmisher (level 4, -3/55 HPs)
             Began as a Demonspawn Berserker on Apr 25, 2022.
             Was a Believer of Trog.
             Splashed by a jelly's acid (7 damage)
             ... on level 3 of the Dungeon.
             The game lasted 00:03:04 (2287 turns).

sammy202020 the Skirmisher (Demonspawn Berserker)   Turns: 2287, Time: 00:03:06

Health: -3/55      AC: -5    Str: 18    XL:     4   Next: 31%
Magic:  4/4        EV: 11    Int: 10    God:    Trog [**....]
Gold:   83         SH:  0    Dex: 12    Spells: 3/3 levels left

rFire   . . .      SeeInvis .   a - +1 hand axe
rCold   . . .      Faith    .   (no shield)
rNeg    . . .      Spirit   .   k - +1 ring mail
rPois   .          Reflect  .   e - +0 helmet
rElec   .          Harm     .   (no cloak)
rCorr   .          Rampage  .   s - +0 pair of gloves
Will    .....                   (no boots)
Stlth   ..........              (no amulet)
HPRegen 0.18/turn               (no ring)
MPRegen 0.18/turn               (no ring)

@: berserking, corroded, very quick
A: icy blue scales 1, magic regeneration
a: Renounce Religion, Berserk, Trog's Hand


You were on level 3 of the Dungeon.
You worshipped Trog.
Trog was pleased with you.
You visited 1 branch of the dungeon, and saw 3 of its levels.

You collected 83 gold pieces.

Inventory:

Hand Weapons
 a - a +1 hand axe (weapon)
 g - a +0 mace
 p - a +0 flail
 q - a +0 war axe
Armour
 e - a +0 helmet (worn)
 k - a +1 ring mail (worn)
 s - a +0 pair of gloves (worn)
Jewellery
 b - an amulet of faith
Scrolls
 c - a scroll of teleportation
 d - a scroll of enchant weapon
 o - a scroll of holy word {unknown}
Potions
 f - a potion of resistance {unknown}
 h - a potion of degeneration {unknown}
 i - a potion of magic {unknown}
 j - a potion of mutation {unknown}
 l - a potion of cancellation {unknown}
 m - a potion of brilliance {unknown}
 n - a potion of flight
 r - a potion of might {unknown}


   Skills:
 * Level 3.8 Fighting
 * Level 3.4 Axes
 + Level 2.4 Armour
 + Level 2.3 Dodging


You had 3 spell levels left.
You didn't know any spells.
Your spell library was empty.

Dungeon Overview and Level Annotations

Branches:
Dungeon (3/15)

Altars:


Innate Abilities, Weirdness & Mutations

You are partially covered in icy blue scales. (AC +2)
You regenerate magic rapidly.


Message History

The jelly is moderately wounded.
You closely miss the kobold.
The kobold hits you with a +0 short sword.
The jelly barely misses you.
You are too injured to fight recklessly!
You are too injured to fight recklessly!
You are too injured to fight recklessly!
You are too injured to fight recklessly!
You are too injured to fight recklessly!
You are too injured to fight recklessly!
You are too injured to fight recklessly!
You are too injured to fight recklessly!
You are too injured to fight recklessly!
You are too injured to fight recklessly!
You are too injured to fight recklessly!
You are too injured to fight recklessly!
You are too injured to fight recklessly!
You are too injured to fight recklessly!
You are too injured to fight recklessly!
You are too injured to fight recklessly!
You are too injured to fight recklessly!
You are too injured to fight recklessly!
You are too injured to fight recklessly!
Unknown command.
You are too injured to fight recklessly!
A red film seems to cover your vision as you go berserk!
You feel yourself moving faster!
You feel mighty! The kobold hits you but does no damage. The jelly hits you.
The acid corrodes you!
You are splashed with acid!
* * * LOW HITPOINT WARNING * * *
You slash the jelly!
Your hands burn!
* * * LOW HITPOINT WARNING * * *
The jelly is almost dead.
You barely miss the kobold.
The kobold hits you with a +0 short sword.
* * * LOW HITPOINT WARNING * * *
The jelly hits you.
* * * LOW HITPOINT WARNING * * *
The acid corrodes you!
You are splashed with acid!
You die...

#...## #..#.#
#...)###.....#
####.#†).#...# .
#....##.....# .
#....###[.[## .#
#....##..(..##.#
#?...#...#...#.#
#.......###....#
#@.(...#####..##
#....JK####.......##
#....?.# .....##.#
#......+ +..... #.#
........# ..... #.#
#.......# .. #.#
#.####### . #.# ..
#.# ####### #.#


You could see a jelly and a kobold.

Vanquished Creatures
  2 adders (D:2)
  2 worms (D:2)
  2 dart slugs
  5 orcs (D:3)
  4 bats
  6 endoplasms
  3 goblins
  5 hobgoblins
  5 jackals (D:1)
  A quokka (D:2)
  3 ball pythons
  5 frilled lizards
  5 kobolds
  5 rats (D:1)
53 creatures vanquished.

Notes
Turn   | Place    | Note
-------+----------+-------------------------------------------
     0 | D:1      | sammy202020 the Demonspawn Berserker began the quest for
                  | the Orb.
     0 | D:1      | Reached XP level 1. HP: 18/18 MP: 1/1
   474 | D:1      | Gained mutation: You are partially covered in icy blue
                  | scales. (AC +2) [demonic ancestry]
   474 | D:1      | Reached XP level 2. HP: 19/24 MP: 2/2
   788 | D:1      | Reached ** piety under Trog
  1044 | D:2      | Gained mutation: You regenerate magic rapidly. [demonic
                  | ancestry]
  1044 | D:2      | Reached XP level 3. HP: 29/29 MP: 3/3
  1203 | D:2      | Found a faded altar of an unknown god.
  1971 | D:3      | Reached XP level 4. HP: 37/37 MP: 4/4
  2287 | D:3      | Splashed by a jelly's acid

Illustrated notes

Levels and vault maps discovered:
D:1:      minmay_arrival_three_doors, layout_basic, serial_glass,
          glass_columns_b, glass_columns_c, glass_columns_c, glass_columns_b,
          glass_columns_a, glass_columns_a
D:2:      layout_rooms, dreamdust_ecumenical_altar_statues, minmay_heptomino_d4
D:3:      layout_basic, cheibriados_altar_1, nicolae_overflow_ecumenical_swirl,
          moated_statue, dk_vineyard_3, minmay_strange_pillars,
          minmay_misc_feat_alley, chequers_hall_statues_corner_a, st_stairs_6,
          minmay_circle_x, uniq_robin

Skill      XL: |  1  2 |
---------------+-------+-----
Armour         | 2 |  2.4
Dodging        | 2 |  2.3
Axes           | 3 |  3.4
Fighting       | |  3.8

Action                   |  1- 3 |  4- 6 || total
-------------------------+-------+-------++-------
Melee: Hand axe          |   114 |    35 ||   149
       Punch             |     1 |       ||     1
Invok: Berserk           |       |     1 ||     1
  Use: Scroll            |     6 |       ||     6
 Stab: Distracted        |     1 |       ||     1
Armor: Animal skin       |    23 |       ||    23
       Ring mail         |    15 |    17 ||    32
Dodge: Dodged            |    83 |    24 ||   107

Table legend: (Time is in decaauts)
 A = Elapsed time spent in this place.
 B = Non-inter-level travel time spent in this place.
 C = Inter-level travel time spent in this place.
 D = Time resting spent in this place.
 E = Time spent auto-exploring this place.
 F = Levels seen in this place.
 G = Mean time per level.
                   A        B        C        D        E       F      G
               +--------+--------+--------+--------+--------+-----+--------+
         Total |   2308 |   2209 |     99 |     19 |   1789 |   3 |  769.3 |
       Dungeon |   2308 |   2209 |     99 |     19 |   1789 |   3 |  769.3 |
               +--------+--------+--------+--------+--------+-----+--------+

Top non-repeatable levels by time:
     D:2: 940 daAuts
     D:1: 933 daAuts
     D:3: 434 daAuts
